 Dungeon Crawl Stone Soup version 0.29-a0-668-g12ee2bf84d (webtiles) character file.

Game seed: 578408835869482202

249 zeratav the Sneak (level 6, -1/31 (48) HPs)
             Began as a Formicid Fighter on June 23, 2022.
             Slain by an orc priest
             ... wielding a +0 falchion
              (3 damage)
             ... on level 4 of the Dungeon.
             The game lasted 00:09:31 (5884 turns).

zeratav the Sneak (Formicid Fighter)                Turns: 5884, Time: 00:09:31

HP:   -1/31 (48)    AC: 12    Str: 23    XL:     6   Next: 35%
MP:   9/9           EV:  6    Int:  7    God:
Gold: 203           SH:  5    Dex: 13    Spells: 5/5 levels left

rFire   . . .      SeeInvis +   a - +0 war axe {axe}
rCold   + . .      Faith    .   c - +0 buckler
rNeg    . . .      Spirit   .   w - +1 plate armour {rC+}
rPois   .          Reflect  .   (helmet unavailable)
rElec   .          Harm     .   (no cloak)
rCorr   .          Rampage  .   (no gloves)
Will    .....                   (no boots)
Stlth   ..........              (no amulet)
HPRegen 0.10/turn               (no ring)
MPRegen 0.11/turn               (no ring)

@: very heavily drained
A: permanent stasis, dig shafts and tunnels, antennae 3, four strong arms
a: Dig, Shaft Self


You were on level 4 of the Dungeon.
You visited 1 branch of the dungeon, and saw 4 of its levels.
You also visited: Sewer.

You collected 203 gold pieces.


Innate Abilities, Weirdness & Mutations

You cannot be hasted, slowed, berserked, paralysed or teleported.
You can dig through walls and to a lower floor.
You have a pair of large antennae on your head. (SInv)
Your four strong arms can wield two-handed weapons with a shield.


   Skills:
 + Level 3.8 Fighting
 - Level 2.0 Axes
 - Level 3.2 Armour
 - Level 5.0 Stealth
 - Level 4.0 Shields
 + Level 4.5 Invocations


You had 5 spell levels left.
You didn't know any spells.
Your spell library was empty.

Inventory:

Hand Weapons
 a - a +0 war axe (weapon) {axe}
Armour
 b - a +0 scale mail
 c - a +0 buckler (worn)
 w - a +1 plate armour of cold resistance (worn)
   (You found it on level 3 of the Dungeon)
Wands
 m - a wand of paralysis (2)
   (You found it on level 2 of the Dungeon)
Scrolls
 e - a scroll of immolation {unknown}
 g - 8 scrolls of identify {unknown}
 i - a scroll of amnesia {unknown}
 j - a scroll of magic mapping {unknown}
 k - 2 scrolls of teleportation {unknown}
 l - 2 scrolls of blinking {unknown}
 o - a scroll of vulnerability {unknown}
 s - 2 scrolls of silence {unknown}
 v - a scroll of fear {unknown}
Potions
 d - 2 potions of might
 f - 2 potions of flight {unknown}
 h - 3 potions of curing {unknown}
 n - a potion of degeneration {unknown}
 p - a potion of magic {unknown}
 q - 2 potions of mutation {unknown}
 r - a potion of brilliance {unknown}
 t - 2 potions of heal wounds {unknown}
 u - a potion of lignification {unknown}

Dungeon Overview and Level Annotations

Branches:
Dungeon (4/15) Zot: 19195   Sewer (visited)
 Temple: D:4-7

Altars:
Uskayaw

Shops:
D:1

! { # ##.
#...## #
#...oo###.#
#...oo@l..#
####.o#####
#.. #.(#
#.# #. #


You could see an iguana, an orc priest and 4 orcs.


Message History

You barely miss the orc. The orc hits you but does no damage.
You hit the orc.
You kill the orc!
Things that are here:
a +0 flail {mace}; a +0 ring mail; an orc corpse
Things that are here:
a +0 trident {polearm}; a +0 leather armour
Things that are here:
a +0 hand axe {axe}; a +0 chain mail You see here a +0 dagger {short}.
You see here a +0 dagger {short}.
Things that are here:
a +0 hand axe {axe}; a +0 chain mail
Things that are here:
a +0 trident {polearm}; a +0 leather armour You see here a +0 spear {polearm}.
You see here a +0 ring mail.
Done exploring.
HP[+5]
Your hp is fully restored (31).
Done exploring.
(D) Dungeon
Where to? (? - help)
There is an open door here.
There is a stone staircase leading down here.
You climb downwards.
The black bear growls angrily.
There is a stone staircase leading up here.
A black bear is nearby!
You climb upwards.
There is a stone staircase leading down here.
There is an open door here.
There is a stone staircase leading down here.
You climb downwards.
The goblin shouts!
You hear a shout!
You hear an angry hiss.
You hear a shout! x2
There is a stone staircase leading up here.
An iguana comes into view.
An orc priest comes into view. It is wielding a +0 falchion.
You barely miss the goblin. The goblin barely misses you.
An orc comes into view.
It is wielding a +2 flail of protection.
The goblin hits you but does no damage.
The orc shouts!
You hit the iguana. You hit the goblin. You block the iguana's attack.
The goblin hits you but does no damage.
You slash the iguana! You hit the orc priest. You closely miss the goblin.
An orc comes into view. It is wielding a +0 short sword.
The iguana bites you but does no damage.
The goblin closely misses you.
The orc priest hits you with a +0 falchion.
The iguana bites you. The goblin closely misses you.
HP[-4]
You take 4 damage, and now have 27/31 hp.
You hit the iguana. You closely miss the orc. You hit the goblin.
The iguana bites you. The goblin hits you but does no damage.
An orc comes into view. It is wielding a +0 flail.
HP[-5]
You take 5 damage, and now have 22/31 hp.
You hit the iguana but do no damage. You closely miss the orc.
You closely miss the goblin.
The iguana bites you but does no damage.
The goblin hits you but does no damage. The orc hits you but does no damage.
The iguana bites you. The goblin hits you but does no damage.
The orc hits you but does no damage.
The orc priest hits you with a +0 falchion.
HP[-6]
You take 6 damage, and now have 16/31 hp.
You hit the iguana but do no damage. You closely miss the goblin.
You completely miss the orc priest. You barely miss the orc.
You block the iguana's attack. The goblin hits you but does no damage.
The orc priest hits you with a +0 falchion.
* * * LOW HITPOINT WARNING * * *
An orc comes into view. It is wielding a +0 club.
The orc barely misses you.
HP[-1]
You take 1 damage, and now have 15/31 hp.
The orc shouts!
You hit the iguana. You hit the orc. You miss the goblin.
You slash the orc priest!
You hear a shout!
The iguana bites you.
* * * LOW HITPOINT WARNING * * *
You block the goblin's attack.
The orc priest mumbles some strange prayers to Beogh against you.
You struggle to resist.
The orc closely misses you.
You hear a shout!
HP[-2]
You take 2 damage, and now have 13/31 hp.
You closely miss the iguana. You closely miss the orc. You slash the goblin!
You kill the goblin!
You closely miss the orc priest. The iguana bites you.
* * * LOW HITPOINT WARNING * * *
The orc priest hits you with a +0 falchion.
* * * LOW HITPOINT WARNING * * *
The orc hits you with a +2 flail of protection.
* * * LOW HITPOINT WARNING * * *
The orc hits you with a +0 flail.
* * * LOW HITPOINT WARNING * * *
The iguana bites you but does no damage.
The orc priest hits you with a +0 falchion.
You die...

Skill      XL: |  1  2  3  4  5 |
---------------+----------------+-----
Stealth        | 1 2 3 4 5 |  5.0
Invocations    | 1 2 4 |  4.5
Fighting       | |  3.8
Axes           | |  2.0
Armour         | |  3.2
Shields        | |  4.0

Action                   |  1- 3 |  4- 6 || total
-------------------------+-------+-------++-------
Melee: War axe           |    82 |   246 ||   328
 Abil: Dig               |     1 |     4 ||     5
Evoke: Wand              |       |     2 ||     2
 Stab: Sleeping          |       |     2 ||     2
Armor: Scale mail        |    40 |   112 ||   152
       Plate armour      |       |    31 ||    31
Dodge: Dodged            |    37 |   130 ||   167
Block: Buckler           |    16 |    58 ||    74

Levels and vault maps discovered:
D:1:      saegor_arrival_simple_b, layout_loops_ring, serial_shops, shop,
          st_stairs_10
D:2:      layout_loops_ring, minmay_circle_x
D:3:      layout_basic, nicolae_uskayaw_dance_hall,
          hellmonk_ecumenical_altar_heavens_door, portal_sewer_entry_a,
          serial_bayou_pond_c, minmay_fractal_squares_diagonal_5
D:4:      gammafunk_steamed_eel, layout_loops_ring, serial_shops,
          nicolae_shop_bloodbath_and_beyond, minmay_box_of_dots

Notes
Turn   | Place    | Note
-------+----------+-------------------------------------------
     0 | D:1      | zeratav the Formicid Fighter began the quest for the Orb.
     0 | D:1      | Reached XP level 1. HP: 18/18 MP: 1/1
     0 | D:1      | magus.rc [v1.9.6]
    40 | D:1      | Reached skill level 1 in Stealth
    42 | D:1      | Reached XP level 2. HP: 15/24 MP: 2/2
    43 | D:1      | Reached skill level 1 in Invocations
   215 | D:1      | Reached skill level 2 in Stealth
   556 | D:1      | Found Xuifeoty's Distillery.
   602 | D:1      | Reached XP level 3. HP: 29/29 MP: 4/4
   855 | D:1      | Reached skill level 3 in Stealth
  1213 | D:2      | Reached skill level 2 in Invocations
  1314 | D:2      | Reached XP level 4. HP: 27/31 MP: 5/5
  1826 | D:2      | Reached skill level 4 in Stealth
  1944 | D:2      | HP: 7/32 [frozen (5)]
  1959 | D:1      | HP: 8/33 [jackal (1)]
  2292 | D:2      | Reached XP level 5. HP: 39/39 MP: 6/6
  2634 | D:3      | Found a glowing drain.
  2651 | Sewer    | Entered a sewer
  2697 | Sewer    | Reached skill level 3 in Invocations
  2712 | Sewer    | Reached skill level 5 in Stealth
  3889 | D:3      | HP: 4/18 [poisoned by an adder]
  3892 | D:3      | HP: 1/19 [poisoned by an adder]
  4320 | D:3      | Found a hide-covered altar of Uskayaw.
  4413 | D:3      | Found a faded altar of an unknown god.
  4580 | D:3      | Reached skill level 4 in Invocations
  4596 | D:3      | magus.rc [v1.9.6]
  4596 | D:3      | magus.rc [v1.9.6]
  4655 | D:3      | Reached XP level 6. HP: 20/28 MP: 9/9
  5853 | D:4      | Noticed a black bear
  5884 | D:4      | HP: 4/31 [orc/+2 flail of protection (4)]
  5884 | D:4      | Slain by an orc priest

Vanquished Creatures
  4 gnolls (D:3)
  6 adders
  2 river rats (Sewer)
  3 worms
  7 dart slugs
  3 orcs (D:3)
  9 endoplasms
  3 giant cockroaches
  8 goblins
  14 hobgoblins
  4 jackals
  4 quokkas
  13 ball pythons
  7 bats
  6 frilled lizards
  5 kobolds
  17 rats
115 creatures vanquished.

Vanquished Creatures (others)
  13 plants (D:3)
13 creatures vanquished.

Grand Total: 128 creatures vanquished

Table legend:
 A = Non-vault XP
 B = Vault XP
 C = Vault XP percentage of total XP
 D = Non-vault monster count
 E = Vault monster count
 F = Vault count percentage of total count
                 A         B        C        D         E       F
            +---------+---------+-------+---------+---------+-------
      Total |     238 |     121 |  33.7 |      74 |      41 |  35.7
            +---------+---------+-------+---------+---------+-------
        D:1 |      48 |       7 |  12.7 |      28 |       4 |  12.5
        D:2 |      77 |      24 |  23.8 |      23 |       7 |  23.3
        D:3 |     111 |      32 |  22.4 |      22 |      12 |  35.3
        D:4 |       2 |       0 |   0.0 |       1 |       0 |   0.0
      Sewer |       0 |      58 | 100.0 |       0 |      18 | 100.0
            +---------+---------+-------+---------+---------+-------

Illustrated notes

Table legend:
 A = Kills in this place as a percentage of kills in entire the game.
 B = Kills by you in this place as a percentage of kills by you in the entire game.
 C = Kills by friends in this place as a percentage of kills by friends in the entire game.
 D = Other kills in this place as a percentage of other kills in the entire game.
 E = Experience gained in this place as a percentage of experience gained in the entire game.
 F = Experience gained in this place divided by the number of levels of this place that you have seen.
                   A       B       C       D       E      F
               +-------+-------+-------+-------+-------+----------------------
         Total | 100.0 | 100.0 |   N/A |   N/A | 100.0 |  71.8
       Dungeon |  84.3 |  84.3 |   N/A |   N/A |  83.8 |  75.2
         Sewer |  15.7 |  15.7 |   N/A |   N/A |  16.2 |  58.0
               +-------+-------+-------+-------+-------+----------------------

Table legend: (Time is in decaauts)
 A = Elapsed time spent in this place.
 B = Non-inter-level travel time spent in this place.
 C = Inter-level travel time spent in this place.
 D = Time resting spent in this place.
 E = Time spent auto-exploring this place.
 F = Levels seen in this place.
 G = Mean time per level.
                   A        B        C        D        E       F      G
               +--------+--------+--------+--------+--------+-----+--------+
         Total |   6120 |   6002 |    118 |   1850 |   2560 |   5 | 1224.0 |
       Dungeon |   4803 |   4685 |    118 |   1338 |   2219 |   4 | 1200.8 |
         Sewer |   1317 |   1317 |      0 |    512 |    341 |   1 | 1317.0 |
               +--------+--------+--------+--------+--------+-----+--------+

Top non-repeatable levels by time:
     D:3: 2141 daAuts
     D:1: 1400 daAuts
   Sewer: 1317 daAuts
     D:2: 1247 daAuts
     D:4: 13 daAuts
